 Dungeon Crawl Stone Soup version 0.26.1 (webtiles) character file.

Game seed: 17540157734181300740

2562 Gauvater the Chopper (level 9, -3/71 (79) HPs)
             Began as a Palentonga Fighter on Feb 4, 2021.
             Slain by a wight
             ... wielding a cursed +0 flail
              (11 damage)
             ... on level 6 of the Dungeon.
             The game lasted 00:25:47 (7995 turns).

Gauvater the Chopper (Palentonga Fighter)           Turns: 7995, Time: 00:25:48

HP:   -3/71 (79)    AC: 15    Str: 23    XL:     9   Next: 31%
MP:   9/9           EV:  9    Int:  9    God:
Gold: 347           SH:  0    Dex:  9    Spells: 8/8 levels left

rFire    . . .     SeeInvis +   N - +3 triple sword (drain)
rCold    . . .     Faith    .   (shield currently unavailable)
rNeg     . . .     Spirit   .   P - +0 scale mail (curse)
rPois    .         Reflect  .   (no helmet)
rElec    .         Harm     .   (no cloak)
rCorr    .         Rampage  .   Q - +0 pair of gloves
Will     .....                  (no barding)
Stlth    +.........             (no amulet)
HPRegen  0.21/turn              J - ring of stealth
MPRegen  0.11/turn              (no ring)

@: hasted, heavily drained, curled up, very quick
A: large, rugged brown scales 3, see invisible, deformed body, roll 1, armoured
tail, reflexive curl
a: Rolling Charge


You were on level 6 of the Dungeon.
You visited 1 branch of the dungeon, and saw 6 of its levels.

You collected 369 gold pieces.
You spent 22 gold pieces at shops.

Inventory:

Hand Weapons
 a - a +0 war axe
 g - a +1 hand axe of venom
 F - a +2 antimagic flail
 N - a +3 triple sword of draining (weapon)
Missiles
 j - 40 poisoned darts
 l - 197 stones
 o - 65 arrows
 u - 51 bolts
 D - 7 boomerangs
Armour
 b - a +0 scale mail
 c - a +0 kite shield
 P - a cursed +0 scale mail (worn)
 Q - a +0 pair of gloves (worn)
Jewellery
 y - an uncursed ring of ice
 J - a ring of stealth (left hand)
Wands
 n - a wand of digging (7)
 G - a wand of acid (11)
 K - a wand of disintegration (14)
Scrolls
 f - a scroll of fear
 k - a scroll of noise
 m - 9 scrolls of remove curse
 s - 2 scrolls of blinking
 v - 2 scrolls of magic mapping {unknown}
 z - a scroll of enchant weapon {unknown}
 A - a scroll of enchant armour {unknown}
 C - 4 scrolls of amnesia
 H - a scroll of fog
 M - a scroll of random uselessness
 O - a scroll of identify
Potions
 d - 2 potions of might
 e - 2 potions of heal wounds
 h - a potion of berserk rage {unknown}
 i - a potion of haste
 p - 2 potions of degeneration {unknown}
 q - a potion of lignification {unknown}
 r - 2 potions of resistance {unknown}
 t - 4 potions of brilliance {unknown}
 w - 3 potions of flight {unknown}
 x - 2 potions of cancellation {unknown}
 B - a potion of magic {unknown}
 E - 2 potions of curing {unknown}
 I - a potion of mutation {unknown}
 L - 2 potions of attraction {unknown}


   Skills:
 + Level 5.3 Fighting
 + Level 2.3 Long Blades
 + Level 6.7(6.8) Axes
 + Level 1.0(4.3) Maces & Flails
 + Level 0.3 Throwing
 + Level 6.0 Armour
 + Level 2.6 Dodging
 + Level 0.5 Stealth
 + Level 5.1 Shields
 + Level 0.6 Evocations


You had 8 spell levels left.
You didn't know any spells.
Your spell library contained the following spells:

 Spells                   Type           Power        Failure   Level
 Animate Skeleton         Necr           0%           67%         1
 Apportation              Tloc           0%           67%         1
 Corona                   Hex            0%           67%         1
 Summon Small Mammal      Summ           0%           67%         1


Dungeon Overview and Level Annotations

Branches:
Dungeon (6/15)
 Temple: D:4-7

Altars:
Sif Muna

Shops:
D:5 *


Innate Abilities, Weirdness & Mutations

You are completely covered in rugged brown scales. (AC +3, +7% HP)
You have supernaturally acute eyesight. (SInv)
Armour fits poorly on your strangely shaped body.
You can roll at nearby foes to attack.
You have a long armoured tail.
You curl defensively after being hit.


Message History

Your Long Blades skill increases to level 2!
You hit the wight but do no damage.
Your tail-slap misses the wight.
The wight is severely damaged.
The wight hits you with a cursed +0 flail.
* * * LOW HITPOINT WARNING * * *
The wight hits you with a +0 morningstar.
* * * LOW HITPOINT WARNING * * *
You feel as though your hastened speed will last longer.
The wight hits you with a cursed +0 flail.
* * * LOW HITPOINT WARNING * * *
The wight closely misses you.
You barely miss the wight. You tail-slap the wight.
The wight is lightly damaged.
The wight hits you with a cursed +0 flail.
* * * LOW HITPOINT WARNING * * *
You closely miss the wight.
Your tail-slap misses the wight.
The wight is severely damaged.
The wight completely misses you.
The wight hits you with a cursed +0 flail!
You die...

#########
#.......#####
#.....[.#...#
#.......#)@.#
+.......#z)z+
#.......'...#
#......†#'###
#..............
#.)............
#[)............. .
#...'...............
#######...............


You could see 2 wights.

Vanquished Creatures
  Pikel (D:6)
  Eustachio (D:5)
  A water moccasin (D:6)
  Duvessa (D:5)
  An orc warrior (D:5)
  An ogre (D:5)
  2 phantoms
  Blork the orc (D:5)
  A bullfrog (D:6)
  2 gnoll sergeants (D:5)
  Dowan (D:5)
  A scorpion (D:6)
  4 wights
  A howler monkey (D:6)
  2 jellies (D:5)
  2 bullfrog skeletons
  6 hounds
  3 orc priests
  A worker ant (D:4)
  4 orc wizards
  A hound skeleton (D:4)
  8 gnolls
  12 adders
  2 oozes
  An adder skeleton (D:6)
  3 worms
  3 dart slugs
  3 leopard geckos
  18 orcs
  5 giant cockroaches
  8 goblins
  9 hobgoblins
  8 jackals
  15 kobolds
  4 quokkas
  2 ball pythons
  2 bats
  3 frilled lizards
  A leopard gecko skeleton (D:5)
  A leopard gecko zombie (D:5)
  A quokka zombie (D:6)
  8 rats
155 creatures vanquished.

Notes
Turn   | Place    | Note
-------+----------+-------------------------------------------
     0 | D:1      | Gauvater the Palentonga Fighter began the quest for the
                  | Orb.
     0 | D:1      | Reached XP level 1. HP: 20/20 MP: 1/1
   241 | D:1      | Reached XP level 2. HP: 27/27 MP: 2/2
  1048 | D:2      | Reached XP level 3. HP: 33/33 MP: 3/3
  1611 | D:2      | Reached XP level 4. HP: 42/42 MP: 4/4
  2600 | D:3      | Reached XP level 5. HP: 42/49 MP: 2/5
  3362 | D:4      | Reached XP level 6. HP: 24/55 MP: 2/6
  4282 | D:5      | Entered Level 5 of the Dungeon
  4340 | D:5      | Noticed Eustachio
  4398 | D:5      | Killed Eustachio
  4399 | D:5      | Gained mutation: You curl defensively after being hit.
                  | [Palentonga growth]
  4399 | D:5      | Reached XP level 7. HP: 45/63 MP: 7/7
  4579 | D:5      | Found Wuhirainn's General Store.
  4586 | D:5      | Bought a scroll of identify for 22 gold pieces
  4604 | D:5      | Reached skill level 1 in Dodging
  4957 | D:5      | Noticed Duvessa
  5134 | D:5      | Killed Duvessa
  5212 | D:5      | Noticed Dowan
  5215 | D:5      | Killed Dowan
  5216 | D:5      | Reached XP level 8. HP: 71/71 MP: 2/8
  5415 | D:5      | Noticed Blork the orc
  5434 | D:5      | Reached skill level 5 in Axes
  5461 | D:5      | Killed Blork the orc
  5462 | D:5      | Reached skill level 5 in Armour
  6404 | D:6      | Reached skill level 1 in Maces & Flails
  6791 | D:6      | Noticed Pikel
  6797 | D:6      | Killed Pikel
  6798 | D:6      | Reached skill level 5 in Fighting
  6798 | D:6      | Reached skill level 5 in Shields
  6923 | D:6      | Reached XP level 9. HP: 77/79 MP: 9/9
  7477 | D:6      | Found a shimmering blue altar of Sif Muna.
  7784 | D:6      | Reached skill level 1 in Long Blades
  7995 | D:6      | Slain by a wight

Illustrated notes

Levels and vault maps discovered:
D:1:      lemuel_arrival_room, layout_loops_corners, dk_noncrumbling_3
D:2:      layout_loops_corners, minmay_misc_feat_chi, minmay_3d_cube
D:3:      layout_loops_cross, minmay_fractal_squares_diagonal_5
D:4:      layout_rooms, serial_glass, glass_columns_a, glass_columns_b,
          item_on_display_a, feat_on_display, minmay_misc_feat_diagonals,
          cheibrodos_gnoll_hut
D:5:      layout_basic, serial_shops, shop, sword_in_stone, uniq_duvessa,
          uniq_eustachio
D:6:      layout_gridville, old_standard_altar,
          amcnicky_mini_rare_corridor_liquid, kennysheep_path_1,
          uniq_blork_the_orc, uniq_pikel, uniq_menkaure

Skill      XL: |  1  2  3  4  5  6  7  8  9 |
---------------+----------------------------+-----
Shields        | 3 4 5 |  5.1
Armour         | 3 4 5 6 |  6.0
Axes           | 3 4 6 |  6.7
Fighting       | 4 5 |  5.3
Dodging        | 1 2 |  2.6
Maces & Flails | 1 |  1.0
Long Blades    | 2 |  2.3
Throwing       | |  0.3
Stealth        | |  0.5
Evocations     | |  0.6

Action                   |  1- 3 |  4- 6 |  7- 9 || total
-------------------------+-------+-------+-------++-------
Melee: Hand axe          |    82 |   138 |   108 ||   328
       Tailslap          |     8 |    19 |    27 ||    54
       Flail             |       |    25 |     3 ||    28
       War axe           |       |    15 |    17 ||    32
       Triple sword      |       |       |    53 ||    53
Throw: Dart              |       |       |     4 ||     4
 Abil: Rolling Charge    |    25 |    16 |    25 ||    66
Evoke: Wand              |       |       |     1 ||     1
  Use: Scroll            |       |     4 |     7 ||    11
       Potion            |       |     1 |     3 ||     4
Armor: Scale mail        |    21 |    88 |    83 ||   192
Dodge: Dodged            |    10 |    50 |    72 ||   132
Block: Kite shield       |    36 |   105 |    63 ||   204
       Rpst.: Triple sword |       |       |    11 ||    11
